[ AOE2 MATCH · #506663027 ]
UnrankedRomans vs Burmese
Player's team · WIN
Rival team · LOSS
[ REPLAY ANALYSIS · EXTRACTED FROM THE RECORDED GAME ]
Feudal
10:32
Castle
23:14
Imperial
—
| APM avg | 61.3 |
| APM peak | 117 |
| eAPM avg | 30.9 |
| Villagers / military | 56 / 54 |
Focus
⚔️ 31.7% · 🌾 68.3%
Militia ×48 · Spearman ×3 · Battering Ram ×3
Feudal
8:54
Castle
—
Imperial
—
| APM avg | 53.4 |
| APM peak | 76 |
| eAPM avg | 21.2 |
| Villagers / military | 60 / 24 |
Focus
⚔️ 27.2% · 🌾 72.8%
Archer ×14 · Scout Cavalry ×5 · Skirmisher ×4 · Spearman ×1
Match map
Initial resources + every placement click. Lines = walls · curves = elevation contours. ◆ gold · ⬟ stone · ● berries · ✦ relic · ◌ wall gap
Your base· Open — 4t gap
5779817's base· ✓ Closed at 25:31 · 22t walls · 1 gate(s)
Smoothed initial terrain · ◌ = detected wall gap · hover for details
Inputs per minute
— 凸 ( ^ 3 ^ ) 凸 - - 5779817
Build order — 凸 ( ^ 3 ^ ) 凸
First 150 of 199 actions detected
| 0:00 | Queue | Villager (Male) ×4 |
| 0:02 | Build | House |
| 0:04 | Build | House |
| 1:31 | Queue | Villager (Male) |
| 1:58 | Queue | Villager (Male) |
| 1:58 | Queue | Villager (Male) |
| 2:22 | Queue | Villager (Male) |
| 2:22 | Queue | Villager (Male) |
| 2:42 | Queue | Villager (Male) |
| 2:42 | Queue | Villager (Male) |
| 3:20 | Queue | Villager (Male) |
| 3:20 | Queue | Villager (Male) |
| 3:37 | Build | Lumber Camp |
| 3:39 | Queue | Villager (Male) |
| 3:40 | Queue | Villager (Male) |
| 4:13 | Queue | Villager (Male) |
| 4:21 | Research | Loom |
| 4:21 | Research | Loom |
| 4:22 | Queue | Villager (Male) |
| 4:28 | Build | House |
| 4:29 | Build | House |
| 4:51 | Queue | Villager (Male) |
| 5:31 | Queue | Villager (Male) |
| 5:41 | Build | Mining Camp |
| 5:54 | Queue | Villager (Male) |
| 6:02 | Build | Mining Camp |
| 6:18 | Build | Mill |
| 6:22 | Queue | Villager (Male) |
| 6:55 | Queue | Villager (Male) |
| 7:10 | Queue | Villager (Male) |
| 7:50 | Build | Barracks |
| 7:53 | Build | House |
| 7:57 | Queue | Villager (Male) |
| 8:22 | Research | Feudal Age |
| 8:36 | Build | Farm |
| 8:48 | Queue | Militia |
| 8:48 | Queue | Militia |
| 8:59 | Queue | Militia |
| 9:10 | Queue | Militia |
| 9:40 | Queue | Militia |
| 10:09 | Queue | Villager (Male) |
| 10:17 | Build | House |
| 10:32 | Age | Feudal Age |
| 10:35 | Research | Man-at-Arms (upgrade) |
| 10:35 | Research | Man-at-Arms (upgrade) |
| 10:36 | Queue | Villager (Male) |
| 10:38 | Build | Blacksmith |
| 10:50 | Queue | Militia |
| 11:01 | Build | Farm |
| 11:07 | Queue | Villager (Male) |
| 11:17 | Research | Scale Mail Armor |
| 11:27 | Build | Farm |
| 11:31 | Queue | Villager (Male) |
| 11:38 | Queue | Spearman |
| 11:43 | Queue | Spearman |
| 11:51 | Queue | Villager (Male) |
| 12:12 | Queue | Spearman |
| 12:15 | Queue | Villager (Male) |
| 12:38 | Build | Barracks |
| 12:44 | Queue | Villager (Male) |
| 13:04 | Build | Farm |
| 13:05 | Build | Farm |
| 13:08 | Queue | Villager (Male) |
| 13:29 | Queue | Villager (Male) |
| 13:33 | Build | Farm |
| 13:42 | Queue | Militia |
| 13:43 | Queue | Militia |
| 14:01 | Build | House |
| 14:02 | Build | House |
| 14:05 | Research | Horse Collar |
| 14:06 | Research | Double-Bit Axe |
| 14:17 | Queue | Villager (Male) |
| 14:28 | Build | Watch Tower |
| 14:35 | Queue | Villager (Male) |
| 14:44 | Build | Mining Camp |
| 14:51 | Queue | Villager (Male) |
| 15:07 | Queue | Militia |
| 15:07 | Queue | Militia |
| 15:24 | Build | Farm |
| 15:29 | Build | Farm |
| 15:47 | Build | Palisade Wall |
| 15:48 | Build | Palisade Wall |
| 15:48 | Build | Palisade Wall |
| 15:49 | Build | Palisade Wall |
| 15:49 | Build | Palisade Wall |
| 15:50 | Build | Palisade Wall |
| 15:50 | Build | Palisade Wall |
| 15:50 | Build | Palisade Wall |
| 15:57 | Queue | Militia |
| 15:57 | Queue | Militia |
| 15:58 | Queue | Villager (Male) |
| 16:10 | Build | Farm |
| 16:10 | Build | Farm |
| 16:10 | Build | Farm |
| 16:10 | Build | Farm |
| 16:19 | Queue | Villager (Male) |
| 16:37 | Build | Mill |
| 16:45 | Queue | Militia |
| 16:45 | Queue | Militia |
| 16:50 | Queue | Villager (Male) |
| 17:04 | Build | House |
| 17:07 | Queue | Villager (Male) |
| 17:09 | Build | House |
| 17:31 | Queue | Militia |
| 17:31 | Queue | Militia |
| 17:43 | Queue | Militia |
| 17:43 | Queue | Militia |
| 17:52 | Queue | Villager (Male) |
| 18:00 | Queue | Villager (Male) |
| 18:12 | Queue | Villager (Male) |
| 18:22 | Build | Market |
| 18:44 | Build | Watch Tower |
| 18:47 | Research | Fletching |
| 18:47 | Research | Fletching |
| 18:56 | Queue | Militia |
| 18:56 | Queue | Militia |
| 18:59 | Queue | Villager (Male) |
| 19:11 | Build | Lumber Camp |
| 19:17 | Queue | Villager (Male) |
| 19:35 | Queue | Militia |
| 19:35 | Queue | Militia |
| 19:44 | Queue | Villager (Male) |
| 19:52 | Build | Farm |
| 19:56 | Build | Farm |
| 20:07 | Build | Palisade Wall |
| 20:08 | Build | Palisade Wall |
| 20:08 | Build | Palisade Wall |
| 20:09 | Build | Palisade Wall |
| 20:09 | Build | Palisade Wall |
| 20:09 | Build | Palisade Wall |
| 20:10 | Build | Palisade Wall |
| 20:10 | Build | Palisade Wall |
| 20:11 | Build | Palisade Wall |
| 20:11 | Build | Palisade Wall |
| 20:11 | Build | Palisade Wall |
| 20:12 | Build | Palisade Wall |
| 20:12 | Build | Palisade Wall |
| 20:34 | Research | Castle Age |
| 20:48 | Queue | Militia |
| 20:48 | Queue | Militia |
| 21:21 | Queue | Militia |
| 21:21 | Queue | Militia |
| 21:35 | Research | Gold Mining |
| 21:37 | Queue | Militia |
| 21:38 | Queue | Militia |
| 22:03 | Queue | Militia |
| 22:03 | Queue | Militia |
| 22:23 | Build | House |
| 22:24 | Build | House |
| 22:24 | Build | House |
Build order — 5779817
First 150 of 166 actions detected
| 0:01 | Queue | Villager (Male) |
| 0:01 | Queue | Villager (Male) |
| 0:02 | Build | House |
| 0:05 | Build | House |
| 0:18 | Queue | Villager (Male) |
| 0:18 | Queue | Villager (Male) |
| 0:18 | Queue | Villager (Male) |
| 1:24 | Queue | Villager (Male) |
| 1:48 | Queue | Villager (Male) |
| 1:49 | Queue | Villager (Male) |
| 1:56 | Build | Lumber Camp |
| 2:24 | Queue | Villager (Male) |
| 2:51 | Queue | Villager (Male) |
| 3:13 | Queue | Villager (Male) |
| 3:27 | Build | House |
| 3:31 | Queue | Villager (Male) |
| 3:32 | Queue | Villager (Male) |
| 3:39 | Build | House |
| 3:59 | Queue | Villager (Male) |
| 4:00 | Queue | Villager (Male) |
| 4:14 | Build | Palisade Wall |
| 5:03 | Queue | Villager (Male) |
| 5:03 | Queue | Villager (Male) |
| 5:03 | Queue | Villager (Male) |
| 5:23 | Queue | Villager (Male) |
| 5:24 | Queue | Villager (Male) |
| 5:40 | Build | Mill |
| 6:07 | Research | Loom |
| 6:44 | Research | Feudal Age |
| 6:45 | Research | Feudal Age |
| 7:07 | Build | Barracks |
| 7:36 | Build | Palisade Wall |
| 7:43 | Build | Palisade Wall |
| 7:45 | Build | Palisade Wall |
| 7:47 | Build | Palisade Wall |
| 7:51 | Queue | Villager (Male) |
| 7:53 | Build | Palisade Wall |
| 7:54 | Build | Palisade Wall |
| 8:14 | Build | Palisade Wall |
| 8:15 | Build | Palisade Gate |
| 8:41 | Build | House |
| 8:54 | Age | Feudal Age |
| 8:55 | Queue | Villager (Male) |
| 9:02 | Build | Stable |
| 9:37 | Build | Farm |
| 9:42 | Queue | Villager (Male) |
| 9:52 | Queue | Scout Cavalry |
| 10:04 | Queue | Villager (Male) |
| 10:12 | Queue | Spearman |
| 10:17 | Queue | Villager (Male) |
| 10:28 | Build | House |
| 10:32 | Build | House |
| 10:40 | Queue | Scout Cavalry |
| 10:43 | Queue | Villager (Male) |
| 10:54 | Queue | Villager (Male) |
| 11:03 | Queue | Villager (Male) |
| 11:05 | Build | Archery Range |
| 11:24 | Build | Palisade Wall |
| 11:48 | Build | Farm |
| 11:49 | Build | Farm |
| 11:53 | Build | Farm |
| 11:54 | Queue | Archer |
| 12:02 | Build | Palisade Wall |
| 12:04 | Build | Palisade Wall |
| 12:18 | Queue | Villager (Male) |
| 12:23 | Build | Farm |
| 12:26 | Queue | Villager (Male) |
| 12:43 | Queue | Skirmisher |
| 13:22 | Queue | Skirmisher |
| 13:35 | Queue | Villager (Male) |
| 13:47 | Queue | Skirmisher |
| 13:54 | Build | Blacksmith |
| 13:56 | Queue | Villager (Male) |
| 14:08 | Build | Farm |
| 14:17 | Build | Watch Tower |
| 14:20 | Queue | Villager (Male) |
| 14:29 | Build | Palisade Wall |
| 14:40 | Build | Farm |
| 14:44 | Queue | Villager (Male) |
| 15:09 | Build | Palisade Wall |
| 15:15 | Queue | Villager (Male) |
| 15:19 | Queue | Villager (Male) |
| 15:50 | Build | Mining Camp |
| 15:57 | Build | Farm |
| 16:06 | Queue | Skirmisher |
| 16:33 | Queue | Villager (Male) |
| 16:42 | Queue | Scout Cavalry |
| 16:43 | Queue | Scout Cavalry |
| 17:09 | Queue | Villager (Male) |
| 17:11 | Build | Farm |
| 17:12 | Build | Farm |
| 17:39 | Queue | Villager (Male) |
| 17:45 | Build | House |
| 17:47 | Queue | Archer |
| 17:57 | Queue | Villager (Male) |
| 18:01 | Build | Market |
| 18:07 | Build | Farm |
| 18:14 | Research | Fletching |
| 18:14 | Research | Fletching |
| 18:16 | Queue | Archer |
| 18:25 | Build | House |
| 18:32 | Queue | Villager (Male) |
| 18:35 | Build | Farm |
| 18:39 | Build | Farm |
| 18:48 | Queue | Archer |
| 18:50 | Queue | Villager (Male) |
| 19:11 | Queue | Villager (Male) |
| 19:36 | Queue | Scout Cavalry |
| 20:08 | Build | Watch Tower |
| 20:14 | Queue | Villager (Male) |
| 20:17 | Queue | Villager (Male) |
| 20:21 | Queue | Archer |
| 20:21 | Queue | Archer |
| 20:29 | Queue | Villager (Male) |
| 20:40 | Queue | Villager (Male) |
| 20:47 | Build | Farm |
| 20:47 | Build | Farm |
| 20:51 | Build | Mining Camp |
| 20:58 | Build | House |
| 20:59 | Queue | Archer |
| 21:09 | Queue | Villager (Male) |
| 21:31 | Build | Mining Camp |
| 21:32 | Queue | Villager (Male) |
| 21:44 | Queue | Archer |
| 21:45 | Queue | Villager (Male) |
| 21:51 | Build | Farm |
| 21:52 | Build | Farm |
| 21:53 | Build | Farm |
| 21:53 | Build | Farm |
| 21:59 | Build | House |
| 22:02 | Queue | Villager (Male) |
| 22:19 | Queue | Archer |
| 22:20 | Queue | Villager (Male) |
| 22:38 | Build | House |
| 22:38 | Queue | Villager (Male) |
| 22:48 | Queue | Archer |
| 22:50 | Build | Farm |
| 22:54 | Queue | Villager (Male) |
| 23:33 | Build | Watch Tower |
| 23:55 | Build | House |
| 24:13 | Build | House |
| 24:14 | Queue | Villager (Male) |
| 24:18 | Build | Farm |
| 25:03 | Queue | Archer |
| 25:03 | Queue | Archer |
| 25:09 | Queue | Villager (Male) |
| 25:28 | Build | Farm |
| 25:28 | Build | Farm |
| 25:31 | Research | Castle Age |
| 25:31 | Research | Castle Age |
Match timeline
| 4:14 | 5779817 · wall_segment Palisade Wall x1 |
| 7:07 | 5779817 · first_building Barracks |
| 7:36 | 5779817 · wall_segment Palisade Wall x1 |
| 7:43 | 5779817 · wall_segment Palisade Wall x1 |
| 7:45 | 5779817 · wall_segment Palisade Wall x1 |
| 7:47 | 5779817 · wall_segment Palisade Wall x1 |
| 7:50 | 凸 ( ^ 3 ^ ) 凸 · first_building Barracks |
| 7:53 | 5779817 · wall_segment Palisade Wall x1 |
| 7:54 | 5779817 · wall_segment Palisade Wall x1 |
| 8:14 | 5779817 · wall_segment Palisade Wall x7 |
| 8:54 | 5779817 · age_up feudal |
| 9:02 | 5779817 · first_building Stable |
| 10:32 | 凸 ( ^ 3 ^ ) 凸 · age_up feudal |
| 11:05 | 5779817 · first_building Archery Range |
| 11:24 | 5779817 · wall_segment Palisade Wall x5 |
| 12:02 | 5779817 · wall_segment Palisade Wall x1 |
| 12:04 | 5779817 · wall_segment Palisade Wall x1 |
| 14:29 | 5779817 · wall_segment Palisade Wall x1 |
| 15:09 | 5779817 · wall_segment Palisade Wall x1 |
| 15:47 | 凸 ( ^ 3 ^ ) 凸 · wall_segment Palisade Wall x1 |
| 15:48 | 凸 ( ^ 3 ^ ) 凸 · wall_segment Palisade Wall x1 |
| 15:48 | 凸 ( ^ 3 ^ ) 凸 · wall_segment Palisade Wall x1 |
| 15:49 | 凸 ( ^ 3 ^ ) 凸 · wall_segment Palisade Wall x2 |
| 15:49 | 凸 ( ^ 3 ^ ) 凸 · wall_segment Palisade Wall x1 |
| 15:50 | 凸 ( ^ 3 ^ ) 凸 · wall_segment Palisade Wall x1 |
| 15:50 | 凸 ( ^ 3 ^ ) 凸 · wall_segment Palisade Wall x1 |
| 15:50 | 凸 ( ^ 3 ^ ) 凸 · wall_segment Palisade Wall x1 |
| 19:40 | 凸 ( ^ 3 ^ ) 凸 · first_market_buy 100 food |
| 19:44 | 5779817 · first_market_sell 100 wood |
| 19:59 | 5779817 · first_market_buy 100 stone |
| 20:07 | 凸 ( ^ 3 ^ ) 凸 · wall_segment Palisade Wall x1 |
| 20:08 | 凸 ( ^ 3 ^ ) 凸 · wall_segment Palisade Wall x1 |
| 20:08 | 凸 ( ^ 3 ^ ) 凸 · wall_segment Palisade Wall x1 |
| 20:09 | 凸 ( ^ 3 ^ ) 凸 · wall_segment Palisade Wall x1 |
| 20:09 | 凸 ( ^ 3 ^ ) 凸 · wall_segment Palisade Wall x1 |
| 20:09 | 凸 ( ^ 3 ^ ) 凸 · wall_segment Palisade Wall x1 |
| 20:10 | 凸 ( ^ 3 ^ ) 凸 · wall_segment Palisade Wall x1 |
| 20:10 | 凸 ( ^ 3 ^ ) 凸 · wall_segment Palisade Wall x1 |
| 20:11 | 凸 ( ^ 3 ^ ) 凸 · wall_segment Palisade Wall x1 |
| 20:11 | 凸 ( ^ 3 ^ ) 凸 · wall_segment Palisade Wall x1 |
| 20:11 | 凸 ( ^ 3 ^ ) 凸 · wall_segment Palisade Wall x2 |
| 20:12 | 凸 ( ^ 3 ^ ) 凸 · wall_segment Palisade Wall x2 |
| 20:12 | 凸 ( ^ 3 ^ ) 凸 · wall_segment Palisade Wall x1 |
| 23:14 | 凸 ( ^ 3 ^ ) 凸 · age_up castle |
| 23:17 | 凸 ( ^ 3 ^ ) 凸 · first_building Siege Workshop |
| 27:03 | 5779817 · wall_segment Stone Wall x1 |
| 27:06 | 5779817 · wall_segment Stone Wall x1 |
| 27:07 | 5779817 · wall_segment Stone Wall x1 |
| 27:50 | 5779817 · resign |
[ AI ANALYSIS · 1 CREDIT ]
What really happened in this match?
Wolo.gg analyzes every decision: build order, eco, micro, common mistakes by bracket. Personalized analysis on WhatsApp or Discord in 30 seconds.
Civ guide
Romans
Perfil
Jugador #455366